 Dungeon Crawl Stone Soup version 0.32-a0-20-ge526923d97 (webtiles) character file.

Game seed: 16549159471549589610

226295 Implojin the Stormcaller (level 18, -36/128 HPs)
             Began as a Gnoll Earth Elementalist on Jan 17, 2024.
             Was a High Priest of Hepliaklqana.
             Killed from afar by a deep elf annihilator (64 damage)
             ... with a crystal spear
             ... on level 1 of the Elven Halls.
             The game lasted 01:35:36 (30507 turns).

Implojin the Stormcaller (GnEE)                    Turns: 30507, Time: 01:35:37

Health: -36/128    AC: 19    Str: 15    XL:     18   Next: 88%
Magic:  36/36      EV: 21    Int: 14    God:    Hepliaklqana [*****.]
Gold:   1418       SH: 15    Dex: 24    Spells: 35/45 levels left

rFire   + . .        P - +6 double sword (elec)
rCold   + . .        Q - +0 kite shield
rNeg    . . .        c - +4 ring mail {rF+}
rPois   +            W - +0 mask of the Dragon {Will+ Slay+3 SInv}
rElec   .            r - +1 cloak
rCorr   .            w - +1 pair of gloves
SInv    +            b - +1 pair of boots "Giad" {Fly rC+ Will+ Int-5}
Will    +++..        E - amulet of regeneration
Stlth   ++           t - ring "Mumin" {rPois Int+3 Dex+6 SInv}
HPRegen 1.21/turn    x - +6 ring of strength
MPRegen 0.25/turn

%: no passive effects
@: lethally poisoned (-36 -> -36), on fire, flying, glowing, studying Air Magic
A: reduced essence, fangs 1, strong nose, distributed training
}: 2/15 runes: decaying, serpentine
a: Renounce Religion, Recall Ancestor, Ancestor Identity, Transference, Idealise


You were on level 1 of the Elven Halls.
You worshipped Hepliaklqana.
Hepliaklqana was extremely pleased with you.
You visited 6 branches of the dungeon, and saw 31 of its levels.
You also visited: Sewer.

You collected 4565 gold pieces.
You spent 3147 gold pieces at shops.

Inventory:

Hand Weapons
 y - a +2 rapier of speed
 K - the +5 arbalest "Lem Xuru" {antimagic, rElec}
   (You bought it in a shop on level 2 of the Orcish Mines)

   rElec:     It insulates you from electricity.
 P - a +6 double sword of electrocution (weapon)
 Y - a +2 heavy broad axe
Missiles
 M - 16 boomerangs (quivered)
 S - 2 curare-tipped darts
Armour
 b - the +1 pair of boots "Giad" (worn) {Fly rC+ Will+ Int-5}
   (You bought it in a shop on level 2 of the Orcish Mines)

   Int-5:     It affects your intelligence (-5).
   rC+:       It protects you from cold.
   Will+:     It increases your willpower.
   Fly:       It grants you flight.
 c - a +4 ring mail of fire resistance (worn)
 e - a +0 tower shield of cold resistance
 r - a +1 cloak (worn)
 w - a +1 pair of gloves (worn)
 O - the +1 scale mail of Instinct {Will+ Str+2}
   (You found it on level 4 of the Snake Pit)

   Str+2:     It affects your strength (+2).
   Will+:     It increases your willpower.
 Q - a +0 kite shield (worn)
 W - the +0 mask of the Dragon (worn) {Will+ Slay+3 SInv}
   (You bought it in a shop on level 4 of the Dungeon)

   Slay+3:    It affects your accuracy & damage with ranged weapons and melee
   (+3).
   Will+:     It increases your willpower.
   SInv:      It lets you see invisible.
Jewellery
 f - a ring of resist corrosion
 n - a ring of protection from fire
 t - the ring "Mumin" (left hand) {rPois Int+3 Dex+6 SInv}
   (You bought it in a shop on level 2 of the Orcish Mines)

   [ring of dexterity]

   Int+3:     It affects your intelligence (+3).
   Dex+6:     It affects your dexterity (+6).
   rPois:     It protects you from poison SInv: It lets you see invisible.
 x - a +6 ring of strength (right hand)
 D - a +6 ring of dexterity
 E - an amulet of regeneration (around neck)
 J - a ring of fire
 T - a ring of willpower
Wands
 h - a wand of paralysis (30)
 j - a wand of iceblast (13)
 m - a wand of mindburst (8)
 L - a wand of acid (11)
Scrolls
 d - a scroll of butterflies
 l - a scroll of vulnerability
 v - 3 scrolls of fog
 F - 2 scrolls of teleportation
 G - 6 scrolls of identify
 R - 2 scrolls of poison
 V - a scroll of brand weapon
 X - 3 scrolls of immolation
Potions
 g - 2 potions of haste
 k - 3 potions of mutation
 o - 3 potions of magic
 p - 2 potions of cancellation
 q - 5 potions of enlightenment
 s - 8 potions of ambrosia
 u - a potion of resistance
 z - 4 potions of might
 C - 6 potions of curing
 I - 5 potions of attraction
 Z - a potion of berserk rage
Miscellaneous
 A - a box of beasts (inert)
 H - a phantom mirror
 U - a condenser vane (inert)


   Skills:
 + Level 13.1 Fighting
 + Level 13.1 Short Blades
 + Level 13.1 Long Blades
 + Level 13.1 Axes
 + Level 13.1 Maces & Flails
 + Level 13.1 Polearms
 + Level 13.1 Staves
 + Level 13.1 Ranged Weapons
 + Level 13.1 Throwing
 + Level 13.1 Armour
 + Level 13.8 Dodging
 + Level 13.7 Stealth
 + Level 13.1 Shields
 + Level 13.1 Unarmed Combat
 + Level 14.0 Spellcasting
 + Level 11.3 Conjurations
 + Level 11.1 Hexes
 + Level 11.1 Summonings
 + Level 11.1 Necromancy
 + Level 11.1 Translocations
 + Level 11.1 Fire Magic
 + Level 11.1 Ice Magic
 + Level 15.4 Air Magic
 + Level 12.3 Earth Magic
 + Level 11.1 Alchemy
 + Level 14.2 Invocations
 + Level 13.1 Evocations
 + Level 12.1 Shapeshifting


You had 35 spell levels left.
You knew the following spells:

 Your Spells              Type           Power      Damage    Failure   Level
a - Sandblast             Erth           88%        2d18      1%          1
b - Passwall              Erth           44%        N/A       1%          3
c - Tukima's Dance        Hex            41%        N/A       1%          3
d - Stone Arrow           Conj/Erth      86%        3d12      1%          3

Your spell library contained the following spells:

 Spells                   Type           Power      Damage    Failure   Level
 Apportation              Tloc           82%        N/A       1%          1
 Necrotise                Necr           100%       1d9       1%          1
 Sting                    Conj/Alch      100%       1d9       1%          1
 Summon Small Mammal      Summ           100%       N/A       1%          1
 Jinxbite                 Hex            82%        N/A       1%          2
 Scorch                   Fire           82%        2d8       1%          2
 Fugue of the Fallen      Necr           41%        N/A       1%          3
 Inner Flame              Hex/Fire       41%        N/A       1%          3
 Ozocubu's Armour         Ice            41%        N/A       1%          3
 Animate Armour           Summ/Erth      84%        N/A       1%          4
 Brom's Barrelling Bould  Conj/Erth      43%        2d6       1%          4
 Petrify                  Alch/Erth      42%        N/A       1%          4
 Vhi's Electric Charge    Tloc/Air       94%        N/A       1%          4
 Dimensional Bullseye     Hex/Tloc       20%        N/A       2%          4
 Flame Wave               Conj/Fire      41%        2d11      2%          4
 Iskenderun's Mystic Bla  Conj/Tloc      41%        2d9       2%          4
 Manifold Assault         Tloc           41%        N/A       2%          4
 Olgreb's Toxic Radiance  Alch           41%        N/A       2%          4
 Passage of Golubria      Tloc           41%        N/A       2%          4
 Sticky Flame             Fire/Alch      41%        2d8       2%          4
 Summon Blazeheart Golem  Fire/Summ      41%        N/A       2%          4
 Arcjolt                  Conj/Air       23%        1d33      2%          5
 Silence                  Hex/Air        23%        N/A       2%          5
 Summon Forest            Summ/Tloc      20%        N/A       6%          5
 Yara's Violent Unravell  Hex/Alch       20%        3d9       6%          5
 Plasma Beam              Fire/Air       23%        2x1d35    14%         6
 Eringya's Noxious Bog    Alch           20%        4d6       34%         6
 Summon Cactus Giant      Summ           20%        N/A       34%         6
 Orb of Destruction       Conj           20%        9d8       87%         7
 Spellforged Servitor     Conj/Summ      20%        N/A       88%         7
 Enfeeble                 Hex            20%        N/A       89%         7
 Haunt                    Necr/Summ      20%        N/A       89%         7
 Ozocubu's Refrigeration  Ice            20%        4d12      89%         7
 Summon Hydra             Summ           20%        N/A       89%         7
 Borgnjor's Revivificati  Necr           20%        N/A       100%        8
 Discord                  Hex            20%        N/A       100%        8
 Lehudib's Crystal Spear  Conj/Erth      21%        10d6      100%        8
 Chain Lightning          Conj/Air       23%        3d31      100%        9
 Death's Door             Necr           20%        N/A       100%        9
 Fire Storm               Conj/Fire      20%        8d5       100%        9
 Shatter                  Erth           22%        3d19*     100%        9


Dungeon Overview and Level Annotations

Branches:
Dungeon (15/15)            Temple (0/1) D:5            Lair (5/5) D:8
  Swamp (4/4) Lair:2        Snake (4/4) Lair:3        Slime (0/5) Lair:4
    Orc (2/2) D:11            Elf (1/3) Orc:2        Vaults (0/5) D:13
 Depths (0/4) D:15          Sewer (visited)

Altars:
Ashenzari
Dithmenos
Elyvilon
Fedhas
Gozag
Hepliaklqana
Okawaru
Qazlal
Ru
Trog
Uskayaw
Wu Jian
Xom
Yredelemnul
Zin
Jiyva

Shops:
D:4 [   D:5 =   D:9 :(   Orc:2 ([=*

Portals:
Bazaar: Snake:1
Trove: D:13 (give +6 demon blade)

Annotations:
D:1 exclusion: gnoll
D:10 exclusion: obsidian statue


Innate Abilities, Weirdness & Mutations

Your life essence is reduced to manifest your ancestor. (-10% HP)
You have very sharp teeth.
Your uncanny sense of smell can sniff out nearby items.
Your experience applies equally to all skills.


Message History

You are poisoned.
You partially resist.
The deep elf archer shoots an arrow.
You block the arrow.
Danger: Low HP Warning |T3| Reason: 25% HP (33/128)
You shake off the liquid fire.
You feel very sick.
The deep elf annihilator casts a spell at you.
The iron shot hits you!!
The deep elf pyromancer casts a spell at you.
The pyre arrow hits you.
You are covered in intense liquid fire!
The deep elf archer shoots an arrow.
You block the arrow.
Danger: Low HP Warning |T3| Reason: 0% HP (1/128)
Okay, then.
Okay, then.
You feel much better. The liquid fire burns you!
You feel very sick.
The deep elf knight points at you and mumbles some strange words.
The lance of force hits you.
You are knocked back by the lance of force.
You slam into the rock wall!
The deep elf archer shoots an arrow.
You block the arrow.
Unknown command.
Okay, then.
You feel much better. The liquid fire burns you!
You feel sick.
The deep elf annihilator closely misses you.
The deep elf pyromancer gestures at you while chanting.
The bolt of fire hits the deep elf knight!!
The bolt of fire misses you.
The deep elf archer shoots an arrow.
You block the arrow.
Unknown command.
Unknown command.
You reach down and open the door.
The liquid fire burns you!
You feel sick.
The deep elf annihilator points at you and mumbles some strange words.
The crystal spear hits you!!!
Ouch! That really hurt!
You die...

#+ #.#
###+####.#
+#.....#'#
##..e..e@##
+####
#......e..#
#...+
#.......e.#
##...#
+......e..#
...>.
#.........#
+.e.#
#.(....$..#
#e)e#
+#.......##
#e#
##.....##
#.# ##+####
#.##


You could see a deep elf annihilator, a deep elf archer (repels missiles), a
deep elf knight (fast, invisible) and 2 deep elf pyromancers.

Vanquished Creatures
  Mara (Swamp:4)
  Bai Suzhen (Snake:3)
  Jorgrun (Swamp:1)
  Mlioglotl (Swamp:1)
  Kirke (Swamp:1)
  Roxanne (Swamp:1)
  6 nagarajas (Snake:4)
  A fire giant (D:15)
  2 ghouls (Swamp:4)
  4 eleionomae
  The ghost of Lautsu Amorr the Cardsharp, a journeyman MfBr of Nemelex Xobeh (Lair:4)
  A bunyip (Swamp:3)
  11 hydras
  A shambling mangrove (Swamp:3)
  A yaktaur captain (D:12)
  3 salamander tyrants (Snake:4)
  7 anacondas
  3 vault guards (D:13)
  A ghost crab (Swamp:1)
  8 two-headed ogres
  5 boulder beetles
  4 centaur warriors (D:13)
  An ogre mage (Orc:2)
  6 naga warriors (Snake:4)
  A tengu warrior (D:14)
  3 alligators (Swamp:1)
  2 orc high priests (Orc:2)
  5 shock serpents
  A deep elf knight (Elf:1)
  5 naga sharpshooters
  A skyshark (Lair:3)
  Lodul (D:14)
  2 goliath frogs
  2 salamander mystics
  4 spriggan druids
  2 bog bodies (Swamp:1)
  A naga ritualist (Snake:3)
  A mana viper (Snake:3)
  A lindwurm (Swamp:4)
  8 swamp dragons
  3 deep elf pyromancers (Elf:1)
  A deep elf archer (Elf:1)
  3 orc knights
  9 ugly things
  3 manticores
  4 orc sorcerers
  A salamander (Snake:4)
  4 cyclopes
  5 will-o-the-wisps
  6 naga magi
  8 elephants
  23 black mambas
  4 kobold blastminers
  A guardian serpent (Snake:2)
  Maggie (D:6)
  A gargoyle (D:14)
  A torpor snail (Lair:4)
  2 spectral sea snakes (Snake:3)
  5 cane toads
  5 rime drakes
  A kobold demonologist (D:13)
  An efreet (D:14)
  A tengu conjurer (D:14)
  4 komodo dragons
  A spectral naga (Snake:3)
  2 tyrant leeches
  4 trolls
  A queen bee (Lair:3)
  A sea snake skeleton (Snake:3)
  2 bloated husks
  A polar bear (shapeshifter) (D:15)
  4 polar bears
  7 hornets
  A spectral guardian serpent (Snake:3)
  2 raiju (shapeshifter) (D:15)
  7 dream sheep
  13 blink frogs
  Sigmund (D:6)
  14 slime creatures
  2 guardian serpent skeletons (Snake:3)
  2 wraiths
  12 spriggans
  A vampire (D:12)
  A spriggan (shapeshifter) (D:14)
  2 hogs (Swamp:1)
  A wyvern (Lair:3)
  2 basilisks
  33 yaks
  A human (Swamp:1)
  A golden eye (shapeshifter) (D:15)
  6 wargs
  A death yak simulacrum (Lair:3)
  16 vampire mosquitoes
  2 sea snake simulacra (Snake:3)
  Menkaure (D:6)
  14 swamp worms
  39 nagas
  3 hydra simulacra (Lair:3)
  12 water moccasins
  3 black bears (Lair:5)
  An ice beast (D:7)
  4 laughing skulls
  24 orc warriors
  2 swamp drakes
  A boulder beetle simulacrum (Lair:3)
  13 wolves (Lair:5)
  3 centaurs
  4 boggarts (Lair:5)
  14 ogres
  3 phantoms
  8 kobold brigands
  A gnoll sergeant (D:7)
  A wyvern zombie (D:7)
  A brain worm (shapeshifter) (D:15)
  15 bullfrogs
  2 scorpions
  An earth elemental (Elf:1)
  12 wights
  A blink frog simulacrum (Lair:3)
  17 killer bees
  2 rime drake simulacra (Lair:3)
  2 howler monkeys (D:10)
  4 hounds
  A jelly (D:6)
  4 centaur zombies (D:7)
  18 orc priests
  2 sleepcaps
  Ijyb (D:4)
  3 hexers
  3 iguanas
  13 orc wizards
  6 hell rats
  A killer bee zombie (D:6)
  A naga skeleton (Snake:3)
  2 howler monkey zombies
  Robin (D:2)
  5 gnolls (D:7)
  7 adders
  4 naga simulacra (Snake:3)
  A shadow imp (D:5)
  4 ufetubi
  4 dart slugs
  39 orcs
  6 bats
  7 endoplasms
  6 giant cockroaches
  16 goblins
  8 hobgoblins
  5 jackals
  6 quokkas
  3 ball pythons
  2 frilled lizards (D:1)
  23 kobolds
  10 rats
773 creatures vanquished.

Vanquished Creatures (collateral kills)
  Vashnia (Snake:2)
  Aizul (Snake:2)
  Donald (Swamp:4)
  2 nagarajas (Snake:4)
  2 ghouls (Swamp:4)
  An orc warlord (Orc:2)
  2 bunyips (Swamp:4)
  Erolcha (D:10)
  6 hydras
  A vault guard (D:13)
  A spriggan air mage (Swamp:4)
  2 centaur warriors
  2 anacondas
  2 boulder beetles
  3 two-headed ogres
  4 naga warriors
  An orc high priest (Orc:1)
  A shock serpent (Snake:2)
  8 naga sharpshooters
  2 salamander mystics
  3 goliath frogs
  A naga ritualist (Snake:4)
  A spectral anaconda (Snake:3)
  A bog body (Swamp:4)
  4 slime creatures
  A mana viper (Snake:3)
  5 swamp dragons (Swamp:4)
  3 orc knights
  3 salamanders
  2 lindwurms (Swamp:4)
  3 ugly things
  A wolf spider (D:12)
  5 cyclopes
  6 elephants (Lair:5)
  2 will-o-the-wisps
  A guardian serpent (Snake:4)
  6 black mambas
  A gargoyle (D:12)
  7 naga magi
  A spectral sea snake (Snake:3)
  2 cane toads
  2 komodo dragons
  A rime drake (Lair:5)
  A kobold demonologist (D:12)
  A tengu conjurer (D:15)
  A yaktaur (D:12)
  A troll (D:9)
  A bloated husk (Swamp:3)
  A raiju (shapeshifter) (D:13)
  4 hornets
  4 tyrant leeches
  4 blink frogs
  2 dream sheep
  2 wyverns
  8 spriggans
  A wraith (D:11)
  11 yaks
  2 hogs (Swamp:1)
  A basilisk (Lair:2)
  2 wargs
  5 vampire mosquitoes
  13 nagas
  Edmund (D:6)
  2 acid dragons (D:9)
  4 swamp worms
  2 water moccasins (Lair:1)
  2 swamp drakes (Swamp:4)
  A hexer (Snake:3)
  A naga skeleton (Snake:3)
  A guardian serpent simulacrum (Snake:3)
  9 orc warriors
  A laughing skull (D:15)
  5 ogres
  3 wolves (Lair:5)
  2 centaurs
  A bullfrog (Lair:2)
  A naga simulacrum (Snake:3)
  6 wights
  11 killer bees
  4 howler monkeys
  2 centaur zombies (D:7)
  A hound (D:5)
  An orc priest (Orc:2)
  A sleepcap (D:6)
  8 orc wizards
  2 hell rats (Lair:5)
  A killer bee zombie (D:7)
  An adder (D:5)
  A river rat (Sewer)
  11 orcs
  9 kobolds
  A butterfly (Lair:5)
267 creatures vanquished.

Vanquished Creatures (others)
  An unseen horror (D:13)
  A naga (Snake:4)
  54 hexers
  2 ancestors
58 creatures vanquished.

Grand Total: 1098 creatures vanquished

Notes
Turn   | Place    | Note
-------+----------+-------------------------------------------
     0 | D:1      | Implojin the Gnoll Earth Elementalist began the quest for
                  | the Orb.
     0 | D:1      | Reached XP level 1. HP: 13/13 MP: 6/6
    76 | D:1      | Reached XP level 2. HP: 19/19 MP: 5/7
   704 | D:2      | Reached skill level 5 in Spellcasting
   704 | D:2      | Reached XP level 3. HP: 25/25 MP: 5/9
   822 | D:2      | Reached skill level 1 in Fighting
   822 | D:2      | Reached skill level 1 in Short Blades
   822 | D:2      | Reached skill level 1 in Long Blades
   822 | D:2      | Reached skill level 1 in Axes
   822 | D:2      | Reached skill level 1 in Maces & Flails
   822 | D:2      | Reached skill level 1 in Polearms
   822 | D:2      | Reached skill level 1 in Staves
   822 | D:2      | Reached skill level 1 in Ranged Weapons
   822 | D:2      | Reached skill level 1 in Throwing
   822 | D:2      | Reached skill level 1 in Armour
   822 | D:2      | Reached skill level 1 in Shields
   822 | D:2      | Reached skill level 1 in Unarmed Combat
   822 | D:2      | Reached skill level 1 in Air Magic
   822 | D:2      | Reached skill level 1 in Invocations
   822 | D:2      | Reached skill level 1 in Evocations
   822 | D:2      | Reached skill level 1 in Shapeshifting
   822 | D:2      | Reached XP level 4. HP: 16/32 MP: 3/11
  1167 | D:2      | Learned a level 3 spell: Passwall
  1171 | D:2      | Learned a level 3 spell: Tukima's Dance
  1175 | D:2      | Learned a level 3 spell: Stone Arrow
  1190 | D:2      | Reached skill level 1 in Hexes
  1190 | D:2      | Reached skill level 1 in Summonings
  1190 | D:2      | Reached skill level 1 in Necromancy
  1190 | D:2      | Reached skill level 1 in Translocations
  1190 | D:2      | Reached skill level 1 in Fire Magic
  1190 | D:2      | Reached skill level 1 in Ice Magic
  1190 | D:2      | Reached skill level 1 in Alchemy
  1348 | D:2      | Noticed Robin
  1352 | D:2      | Killed Robin
  1681 | D:3      | Reached XP level 5. HP: 37/37 MP: 12/12
  1713 | D:3      | Found a glowing silver altar of Zin.
  1952 | D:3      | Found a shimmering altar of Xom.
  2508 | D:3      | Found a sacrificial altar of Ru.
  2517 | D:3      | Found a hazy altar of Hepliaklqana.
  2520 | D:3      | Became a worshipper of Hepliaklqana the Forgotten
  2594 | D:3      | Reached skill level 2 in Air Magic
  2697 | D:4      | Reached XP level 6. HP: 27/44 MP: 10/13
  2770 | D:4      | Found Iwkocw's Armour Emporium.
  2912 | D:4      | Found an opulent altar of Gozag.
  3007 | D:4      | Reached skill level 5 in Dodging
  3420 | D:4      | Found a shadowy altar of Dithmenos.
  3504 | D:4      | Reached XP level 7. HP: 44/51 MP: 9/15
  3769 | D:4      | Noticed Ijyb
  3790 | D:4      | Paralysed by Ijyb for 4 turns
  3795 | D:4      | Killed Ijyb
  3919 | D:4      | Bought a +0 pair of gloves for 58 gold pieces
  3919 | D:4      | Bought a +0 pair of boots for 58 gold pieces
  3964 | D:5      | Entered Level 5 of the Dungeon
  3970 | D:4      | Reached skill level 3 in Air Magic
  4019 | D:5      | Reached * piety under Hepliaklqana
  4039 | D:5      | Found a staircase to the Ecumenical Temple.
  4087 | D:5      | Reached skill level 5 in Stealth
  4118 | D:5      | Reached XP level 8. HP: 51/52 MP: 3/16
  4122 | D:5      | Found Xiaxur's Jewellery Shop.
  4497 | D:6      | Found a blossoming altar of Fedhas.
  4523 | D:6      | Reached skill level 4 in Air Magic
  4563 | D:6      | Noticed Menkaure
  4588 | D:6      | Noticed Maggie
  4603 | D:6      | Killed Maggie
  4659 | D:6      | Reached XP level 9. HP: 41/58 MP: 18/18
  4690 | D:6      | Found a basalt altar of Yredelemnul.
  4759 | D:6      | Found a glowing drain.
  4768 | Sewer    | Entered a sewer
  4854 | Sewer    | Found a white marble altar of Elyvilon.
  4971 | D:6      | Reached skill level 5 in Air Magic
  4997 | D:6      | Noticed Sigmund
  5015 | D:6      | Killed Sigmund
  5147 | D:6      | Killed Menkaure
  5254 | D:6      | Found an iron altar of Okawaru.
  5260 | D:6      | Found a stormy altar of Qazlal.
  5290 | D:6      | Noticed Edmund
  5296 | D:6      | Killed Edmund
  5297 | D:6      | Reached skill level 5 in Invocations
  5468 | D:6      | Found a white marble altar of Elyvilon.
  5574 | D:7      | Reached ** piety under Hepliaklqana
  5575 | D:7      | Remembered your ancestor CRAB as a hexer
  5933 | D:7      | Reached skill level 5 in Fighting
  5933 | D:7      | Reached skill level 5 in Short Blades
  5933 | D:7      | Reached skill level 5 in Long Blades
  5933 | D:7      | Reached skill level 5 in Axes
  5933 | D:7      | Reached skill level 5 in Maces & Flails
  5933 | D:7      | Reached skill level 5 in Polearms
  5933 | D:7      | Reached skill level 5 in Staves
  5933 | D:7      | Reached skill level 5 in Ranged Weapons
  5933 | D:7      | Reached skill level 5 in Throwing
  5933 | D:7      | Reached skill level 5 in Armour
  5933 | D:7      | Reached skill level 5 in Shields
  5933 | D:7      | Reached skill level 5 in Unarmed Combat
  5933 | D:7      | Reached skill level 5 in Evocations
  5933 | D:7      | Reached XP level 10. HP: 57/66 MP: 18/20
  5935 | D:7      | Reached skill level 6 in Air Magic
  6296 | D:7      | Found an ornate altar of the Wu Jian Council.
  6568 | D:8      | Found a broken altar of Ashenzari.
  6617 | D:8      | Noticed a two-headed ogre
  6632 | D:8      | Reached skill level 5 in Conjurations
  6638 | D:8      | Killed a two-headed ogre
  6639 | D:8      | Reached skill level 5 in Shapeshifting
  6807 | D:8      | Found a staircase to the Lair.
  6845 | D:8      | Found a hide-covered altar of Uskayaw.
  6879 | D:9      | Found Qirireusch's Book Boutique.
  7021 | D:9      | Reached skill level 7 in Air Magic
  7108 | D:9      | Reached *** piety under Hepliaklqana
  7162 | D:9      | Noticed a two-headed ogre
  7167 | D:9      | Killed a two-headed ogre
  7168 | D:9      | Reached skill level 5 in Hexes
  7168 | D:9      | Reached skill level 5 in Summonings
  7168 | D:9      | Reached skill level 5 in Necromancy
  7168 | D:9      | Reached skill level 5 in Translocations
  7168 | D:9      | Reached skill level 5 in Fire Magic
  7168 | D:9      | Reached skill level 5 in Ice Magic
  7168 | D:9      | Reached skill level 5 in Alchemy
  7168 | D:9      | Reached XP level 11. HP: 72/72 MP: 20/23
  7262 | D:9      | Found Maown's Weapon Shop.
  7642 | D:9      | Bought a +2 heavy arbalest for 221 gold pieces
  7667 | D:10     | Entered Level 10 of the Dungeon
  7670 | D:10     | Noticed a cyclops
  7688 | D:10     | Killed a cyclops
  7689 | D:10     | Noticed a two-headed ogre
  7727 | D:10     | Noticed an obsidian statue
  7734 | D:10     | Noticed a sun demon
  7906 | D:10     | Killed a two-headed ogre
  8020 | D:10     | Noticed Erolcha
  8025 | D:10     | Killed Erolcha
  8026 | D:10     | Reached skill level 8 in Air Magic
  8658 | D:11     | Noticed a brown ugly thing
  8661 | D:11     | Killed a brown ugly thing
  8880 | D:11     | Reached **** piety under Hepliaklqana
  9009 | D:11     | Noticed a cyclops
  9015 | D:11     | Killed a cyclops
  9016 | D:11     | Reached XP level 12. HP: 81/81 MP: 24/24
  9128 | D:11     | Found a staircase to the Orcish Mines.
  9646 | D:11     | Noticed a two-headed ogre
  9648 | D:11     | Killed a two-headed ogre
  9969 | D:4      | Bought the +0 mask of the Dragon {Will+ Slay+3 SInv} for
                  | 434 gold pieces
  9969 | D:4      | Found the +0 mask of the Dragon {Will+ Slay+3 SInv}
 10087 | Lair:1   | Entered Level 1 of the Lair of Beasts
 10358 | Lair:1   | Identified a scroll of acquirement
 10360 | Lair:1   | Acquired 906 gold pieces
 10412 | Lair:1   | Reached ***** piety under Hepliaklqana
 10630 | Lair:1   | Reached skill level 9 in Air Magic
 11077 | Lair:2   | Found a staircase to the Swamp.
 11336 | Lair:2   | You fall into a shaft and drop 1 floor!
 11433 | Lair:3   | Noticed a six-headed hydra
 11786 | Lair:3   | Killed a six-headed hydra
 11830 | Lair:3   | Reached XP level 13. HP: 88/88 MP: 26/26
 11950 | Lair:3   | Found a runed translucent gate.
 11950 | Lair:3   | Found a runed translucent gate.
 11950 | Lair:3   | Found a runed translucent gate.
 12353 | Lair:3   | Reached skill level 10 in Air Magic
 12505 | Lair:3   | Found a staircase to the Snake Pit.
 12559 | Lair:3   | Noticed Lautsu Amorr's ghost (journeyman MfBr)
 12931 | Lair:4   | Reached skill level 10 in Spellcasting
 13269 | Lair:4   | Found a viscous altar of Jiyva.
 13269 | Lair:4   | Found a staircase to the Slime Pits.
 13306 | Lair:5   | Entered Level 5 of the Lair of Beasts
 13456 | Lair:5   | Reached skill level 10 in Dodging
 13534 | Lair:5   | Reached skill level 10 in Stealth
 13569 | Lair:5   | Reached XP level 14. HP: 73/97 MP: 28/28
 13586 | Lair:5   | Reached skill level 10 in Invocations
 13875 | Lair:5   | Reached skill level 11 in Air Magic
 15740 | D:13     | Reached skill level 10 in Earth Magic
 15898 | D:13     | Reached skill level 10 in Fighting
 15898 | D:13     | Reached skill level 10 in Short Blades
 15898 | D:13     | Reached skill level 10 in Long Blades
 15898 | D:13     | Reached skill level 10 in Axes
 15898 | D:13     | Reached skill level 10 in Maces & Flails
 15898 | D:13     | Reached skill level 10 in Polearms
 15898 | D:13     | Reached skill level 10 in Staves
 15898 | D:13     | Reached skill level 10 in Ranged Weapons
 15898 | D:13     | Reached skill level 10 in Throwing
 15898 | D:13     | Reached skill level 10 in Armour
 15898 | D:13     | Reached skill level 10 in Shields
 15898 | D:13     | Reached skill level 10 in Unarmed Combat
 15898 | D:13     | Reached skill level 10 in Evocations
 15993 | D:13     | Reached XP level 15. HP: 77/103 MP: 30/30
 16152 | D:13     | Reached skill level 12 in Air Magic
 16212 | D:13     | Found a gate to the Vaults.
 16434 | D:13     | Found a portal to a secret trove of treasure.
 16518 | D:14     | Noticed Lodul
 16544 | D:14     | Killed Lodul
 16664 | D:14     | You fall into a shaft and drop 1 floor!
 16664 | D:15     | Entered Level 15 of the Dungeon
 16690 | D:14     | Reached ****** piety under Hepliaklqana
 17686 | D:15     | Found a hazy altar of Hepliaklqana.
 18109 | D:15     | Noticed a fire giant
 18114 | D:15     | Killed a fire giant
 18119 | D:15     | Found a staircase to the Depths.
 18732 | Orc:1    | Entered Level 1 of the Orcish Mines
 18785 | D:11     | HP: 4/105 [troll[an orc high priest] (6)]
 19292 | Orc:2    | Entered Level 2 of the Orcish Mines
 19295 | Orc:2    | Found a staircase to the Elven Halls.
 19405 | Orc:2    | Noticed an orc warlord
 19494 | Orc:2    | Reached skill level 10 in Shapeshifting
 19599 | Orc:2    | Reached XP level 16. HP: 106/111 MP: 30/32
 19687 | Orc:2    | Found Apret's Antique Armour Boutique.
 19709 | Orc:2    | Found Yde Goud's Antique Weapon Boutique.
 19747 | Orc:2    | Found Empamax's Jewellery Boutique.
 19762 | Orc:2    | Found Iqoturekh's General Store.
 20255 | Orc:2    | Bought a pair of distressingly furry boots for 313 gold
                  | pieces
 20255 | Orc:2    | Identified the +1 pair of boots "Giad" {Fly rC+ Will+
                  | Int-5} (You bought it in a shop on level 2 of the Orcish
                  | Mines)
 20255 | Orc:2    | Bought a glowing cloak for 247 gold pieces
 20283 | Orc:2    | Bought a faintly humming ring mail for 297 gold pieces
 20283 | Orc:2    | Identified the +1 ring mail "Egimpuuth" {rF+} (You bought
                  | it in a shop on level 2 of the Orcish Mines)
 20427 | Orc:2    | Bought the ring "Mumin" {rPois Int+3 Dex+6 SInv} for 692
                  | gold pieces
 20445 | Orc:2    | Bought a polished arbalest for 275 gold pieces
 20445 | Orc:2    | Identified the +5 arbalest "Lem Xuru" {antimagic, rElec}
                  | (You bought it in a shop on level 2 of the Orcish Mines)
 20687 | D:4      | Bought a +4 ring mail of fire resistance for 403 gold
                  | pieces
 20880 | Snake:1  | Entered Level 1 of the Snake Pit
 20887 | Snake:1  | Reached skill level 13 in Air Magic
 21072 | Snake:1  | Identified the amulet of Departure {Reflect Str+2 SH+5}
 21328 | Snake:1  | Found a gateway to a bazaar.
 22480 | Snake:2  | Found a bloodstained altar of Trog.
 22651 | Snake:2  | Identified the serpent talisman of Hopscotch {Int+5 Dex+5}
 22651 | Snake:2  | Noticed Aizul
 22658 | Snake:2  | Killed Aizul
 22780 | Snake:2  | Noticed Vashnia
 23003 | Snake:2  | Killed Vashnia
 23109 | Snake:2  | Identified the +0 ring mail "Zymiof Qiaq" {rPois}
 23192 | Snake:3  | Noticed Bai Suzhen
 23210 | Snake:3  | Killed Bai Suzhen
 23211 | Snake:3  | Reached skill level 10 in Conjurations
 24106 | Snake:3  | Reached XP level 17. HP: 106/119 MP: 7/33
 25088 | Snake:4  | Entered Level 4 of the Snake Pit
 25128 | Snake:4  | Reached skill level 10 in Hexes
 25128 | Snake:4  | Reached skill level 10 in Summonings
 25128 | Snake:4  | Reached skill level 10 in Necromancy
 25128 | Snake:4  | Reached skill level 10 in Translocations
 25128 | Snake:4  | Reached skill level 10 in Fire Magic
 25128 | Snake:4  | Reached skill level 10 in Ice Magic
 25128 | Snake:4  | Reached skill level 10 in Alchemy
 25371 | Snake:4  | Reached skill level 14 in Air Magic
 26207 | Snake:4  | Got a serpentine rune of Zot
 26253 | Snake:4  | Identified the +1 scale mail of Instinct {Will+ Str+2}
 26418 | Lair:4   | Killed Lautsu Amorr's ghost
 26527 | Lair:3   | Identified the staff "Hiuxetz" {rPois Str+3 Earth}
 26589 | Swamp:1  | Entered Level 1 of the Swamp
 26674 | Swamp:1  | Noticed Mlioglotl
 26681 | Swamp:1  | Noticed a lich
 26688 | Swamp:1  | Killed Mlioglotl
 26799 | Swamp:1  | Noticed Kirke
 26807 | Swamp:1  | Killed Kirke
 27102 | Swamp:1  | Noticed Roxanne
 27123 | Swamp:1  | Killed Roxanne
 27149 | Swamp:1  | Noticed Jorgrun
 27157 | Swamp:1  | Killed Jorgrun
 27158 | Swamp:1  | Reached XP level 18. HP: 110/126 MP: 11/35
 27965 | Swamp:3  | Identified the +5 dagger of Lety {heavy, *Slow Fly rF+
                  | SInv}
 28684 | Swamp:4  | Entered Level 4 of the Swamp
 28735 | Swamp:4  | Reached skill level 15 in Air Magic
 29388 | Swamp:4  | Got a decaying rune of Zot
 29407 | Swamp:4  | Noticed Donald
 29407 | Swamp:4  | Noticed Mara
 29431 | Swamp:4  | Noticed Implojin's illusion
 29441 | Swamp:4  | Killed Mara
 29808 | Swamp:4  | Killed Donald
 30158 | D:4      | Bought a +0 tower shield of cold resistance for 149 gold
                  | pieces
 30442 | Elf:1    | Entered Level 1 of the Elven Halls
 30504 | Elf:1    | HP: 1/128 [deep elf annihilator/iron shot (29)]
 30507 | Elf:1    | Killed from afar by a deep elf annihilator

Illustrated notes

Levels and vault maps discovered:
D:1:      mrwooster_arrival_statue, layout_basic
D:2:      layout_basic, uniq_robin
D:3:      layout_basic, xom_teletrap_fun, mainiacjoe_overflow_boulevard,
          mainiacjoe_overflow_swirl
D:4:      layout_loops_ring, grunt_gozag_statues,
          mainiacjoe_overflow_small_starburst, serial_shops, shop_fountains,
          kennysheep_generic_room_2, uniq_ijyb
D:5:      layout_cave_pools, minmay_temple_entry_slanted, serial_shops, shop
D:6:      layout_loops_cross, nicolae_overflow_hidden_temple,
          lemuel_round_altar, grunt_qazlal_clouds, lemuel_doored_altar,
          lemuel_zombie_altar_yredelemnul, portal_sewer_entry_d, uniq_edmund,
          uniq_maggie, uniq_sigmund, uniq_menkaure
D:7:      layout_basic, pdpol_wu_jian_five_deadly_venoms, serial_undead,
          serial_undead_a, serial_undead_b, serial_undead_d, serial_undead_a
D:8:      layout_rooms, nicolae_uskayaw_dance_studio,
          mainiacjoe_overflow_cross_hatched, david_lair_shrubbed
D:9:      layout_loops_ring, serial_shops, nicolae_shop_bloodbath_and_beyond,
          shop
D:10:     layout_basic, minmay_protected_statue, uniq_erolcha
D:11:     layout_layer_cave, david_orc_4
D:12:     minmay_chambers_of_sixes, layout_cave_pools, minmay_three_doors
D:13:     layout_basic, lightli_vaults_fourway_checkpoint,
          nicolae_trove_entry_diagonal
D:14:     layout_rooms, chequers_serial_rivers_room_a,
          amcnicky_mini_corridor_feature, minmay_fractal_squares_gapless_7,
          uniq_lodul
D:15:     grunt_enter_depths_giant_problem, layout_layer_cave,
          nicolae_hepliaklqana_hazy_memory
Lair:1:   layout_hall_layers
Lair:2:   layout_misc_corridors, swamp_mist_pool, lemuel_fruit_fields,
          infiniplex_staircase_pool, grunt_megastairs_2, lemuel_fruit_tree
Lair:3:   layout_loops_ring, minmay_snake_entry_guardpost_medium, special_room
          [special_room_bee], gammafunk_ghost_icy, serial_bayou_shore_b
Lair:4:   layout_loops_ring, dpeg_slime_entry_enclosed
Lair:5:   minmay_lair_end_enchanted_forest, layout_cave_pods,
          lemuel_fruit_fields, grunt_megastairs_3
Swamp:1:  layout_falls_marsh, serial_swamp_ruin, evilmike_swamp_ruin_house_6,
          evilmike_swamp_ruin_house_5, evilmike_swamp_ruin_house_4,
          uniq_roxanne, uniq_jorgrun, uniq_mlioglotl, uniq_kirke
Swamp:2:  layout_basic_swamp, nicolae_swamp_little_swirl
Swamp:3:  layout_falls_marsh, evilmike_swamp_ruin_house_3
Swamp:4:  swamp_alternative, layout_basic_swamp, swamp_pool_4,
          hangedman_swamp_diagram, uniq_mara, uniq_donald
Snake:1:  layout_layer_cave, serial_shops, bzr_entry_dummy, serial_bayou_shore_b
Snake:2:  layout_onion, basic_altar, uniq_aizul, uniq_vashnia
Snake:3:  layout_cave_town, nicolae_snake_gridmaze_waves,
          nicolae_snake_the_dead_are_slithering, uniq_bai_suzhen
Snake:4:  minmay_snake_end_coiled, layout_misc_corridors
Orc:1:    layout_diamond_mine, basic_altar
Orc:2:    grunt_orc_cross, layout_caves, basic_altar, mines1_david
Elf:1:    elf_arrival_001, layout_geoelf_diagonals, gammafunk_ghost_grave,
          serial_shops, bzr_entry_lakeside, nicolae_elf_blasts_and_bolts,
          solitary_fountain

Skill      XL: |  1  2  3  4  5  6  7  8  9 10 11 12 13 14 15 16 17 18 |
---------------+-------------------------------------------------------+-----
Conjurations   | 2 3 4 5 6 7 8 9 10 11 | 11.3
Spellcasting   | 5 6 7 8 9 10 11 12 13 14 | 14.0
Fighting       | 1 2 3 5 6 7 8 9 10 11 12 13 | 13.1
Short Blades   | 1 2 3 5 6 7 8 9 10 11 12 13 | 13.1
Long Blades    | 1 2 3 5 6 7 8 9 10 11 12 13 | 13.1
Axes           | 1 2 3 5 6 7 8 9 10 11 12 13 | 13.1
Maces & Flails | 1 2 3 5 6 7 8 9 10 11 12 13 | 13.1
Polearms       | 1 2 3 5 6 7 8 9 10 11 12 13 | 13.1
Staves         | 1 2 3 5 6 7 8 9 10 11 12 13 | 13.1
Ranged Weapons | 1 2 3 5 6 7 8 9 10 11 12 13 | 13.1
Throwing       | 1 2 3 5 6 7 8 9 10 11 12 13 | 13.1
Armour         | 1 2 3 5 6 7 8 9 10 11 12 13 | 13.1
Shields        | 1 2 3 5 6 7 8 9 10 11 12 13 | 13.1
Unarmed Combat | 1 2 3 5 6 7 8 9 10 11 12 13 | 13.1
Air Magic      | 1 2 3 4 5 7 8 9 10 11 12 13 14 15 | 15.4
Invocations    | 1 2 3 4 5 6 7 8 9 10 11 12 13 14 | 14.2
Evocations     | 1 2 3 5 6 7 8 9 10 11 12 13 | 13.1
Shapeshifting  | 1 2 3 4 5 6 7 8 9 10 11 12 | 12.1
Hexes          | 1 2 3 4 5 6 7 8 9 10 11 | 11.1
Summonings     | 1 2 3 4 5 6 7 8 9 10 11 | 11.1
Necromancy     | 1 2 3 4 5 6 7 8 9 10 11 | 11.1
Translocations | 1 2 3 4 5 6 7 8 9 10 11 | 11.1
Fire Magic     | 1 2 3 4 5 6 7 8 9 10 11 | 11.1
Ice Magic      | 1 2 3 4 5 6 7 8 9 10 11 | 11.1
Alchemy        | 1 2 3 4 5 6 7 8 9 10 11 | 11.1
Dodging        | 5 6 7 8 9 10 11 12 13 | 13.8
Stealth        | 5 6 7 8 9 10 11 12 13 | 13.7
Earth Magic    | 6 7 8 9 10 11 12 | 12.3

Action                     |  1- 3 |  4- 6 |  7- 9 | 10-12 | 13-15 | 16-18 || total
---------------------------+-------+-------+-------+-------+-------+-------++-------
  Melee: Dagger            |       |     6 |       |       |       |       ||     6
         Punch             |       |     1 |       |       |       |       ||     1
         Sling             |       |     3 |       |     7 |       |       ||    10
         Short sword       |       |       |     2 |     1 |       |       ||     3
         Double sword      |       |       |       |       |       |    23 ||    23
         Bite              |       |       |       |       |       |     5 ||     5
   Fire: Sling             |       |   113 |   109 |   142 |       |       ||   364
         Arbalest          |       |       |       |   212 |   678 |  1111 ||  2001
  Throw: Boomerang         |       |       |       |       |       |     2 ||     2
   Cast: Sandblast         |    28 |    53 |   111 |    51 |       |       ||   243
 Invoke: Recall Ancestor   |       |       |     2 |     2 |     9 |     3 ||    16
         Ancestor Identity |       |       |     1 |       |       |       ||     1
         Ancestor Life: He |       |       |     1 |       |       |       ||     1
         Idealise          |       |       |       |     1 |     8 |    18 ||    27
  Evoke: Wand              |       |       |     3 |     8 |    17 |     5 ||    33
         Condenser vane    |       |       |       |     2 |     2 |     3 ||     7
         Phantom mirror    |       |       |       |       |     3 |     3 ||     6
         Box of beasts     |       |       |       |       |       |     2 ||     2
    Use: Scroll            |     3 |     4 |     3 |    11 |    17 |    16 ||    54
         Potion            |       |       |     2 |     3 |     5 |     6 ||    16
   Stab: Sleeping          |       |       |     1 |     1 |       |       ||     2
         Paralysed         |       |       |     1 |       |       |       ||     1
 Armour: Ring mail         |    10 |    68 |    20 |       |       |   432 ||   530
         Leather armour    |       |       |    26 |       |       |       ||    26
         Swamp dragon scal |       |       |    39 |   212 |   409 |    24 ||   684
  Dodge: Dodged            |     4 |    42 |    85 |   166 |   467 |   511 ||  1275
  Block: Kite shield       |       |       |       |       |       |    24 ||    24

Table legend: (Time is in decaauts)
 A = Elapsed time spent in this place.
 B = Non-inter-level travel time spent in this place.
 C = Inter-level travel time spent in this place.
 D = Time resting spent in this place.
 E = Time spent auto-exploring this place.
 F = Levels seen in this place.
 G = Mean time per level.
                   A        B        C        D        E       F      G
               +--------+--------+--------+--------+--------+-----+--------+
         Total |  32484 |  29976 |   2508 |   2207 |  18664 |  32 | 1015.1 |
       Dungeon |  15518 |  13963 |   1555 |    949 |   8950 |  15 | 1034.5 |
          Lair |   5492 |   5064 |    428 |    336 |   3121 |   5 | 1098.4 |
         Swamp |   3581 |   3414 |    167 |    378 |   1913 |   4 |  895.2 |
     Snake Pit |   5748 |   5598 |    150 |    485 |   3655 |   4 | 1437.0 |
  Orcish Mines |   1846 |   1640 |    206 |     58 |    914 |   2 |  923.0 |
   Elven Halls |     62 |     62 |      0 |      0 |      0 |   1 |   62.0 |
         Sewer |    234 |    234 |      0 |      0 |    110 |   1 |  234.0 |
               +--------+--------+--------+--------+--------+-----+--------+

Top non-repeatable levels by time:
 Snake:3: 1990 daAuts
    D:11: 1623 daAuts
 Snake:1: 1565 daAuts
     D:4: 1550 daAuts
  Lair:5: 1428 daAuts
  Lair:3: 1275 daAuts
   Orc:2: 1255 daAuts
 Snake:4: 1245 daAuts
    D:15: 1227 daAuts
     D:3: 1222 daAuts
    D:13: 1123 daAuts
 Swamp:4: 1084 daAuts
  Lair:1: 1082 daAuts
    D:14: 1039 daAuts
     D:7: 1024 daAuts
